 Dungeon Crawl Stone Soup version 0.29.1-12-g30fa7ad0bf (webtiles) character file.

Game seed: 4306204961997116107

1343 MisterFreud the Nimble (level 8, 0/57 HPs)
             Began as a Felid Berserker on Dec 21, 2022.
             Was a Believer of Trog.
             Killed from afar by an orc wizard (5 damage)
             ... with a puff of flame
             ... on level 6 of the Dungeon.
             The game lasted 00:05:37 (6152 turns).

MisterFreud the Nimble (Felid Berserker)            Turns: 6152, Time: 00:05:38

Health: 0/57       AC:  2    Str: 13    XL:     8   Next: 35%
Magic:  0/9        EV: 23    Int:  9    God:    Trog [**....]
Gold:   255        SH:  0    Dex: 17    Spells: 7/7 levels left
                                        Lives:  0   Deaths: 2

rFire   . . .      SeeInvis +     - Unarmed
rCold   . . .      Faith    .   (shield unavailable)
rNeg    + . .      Spirit   +   (body armour unavailable)
rPois   .          Reflect  .   (helmet unavailable)
rElec   .          Harm     .   (cloak unavailable)
rCorr   .          Rampage  .   (gloves unavailable)
Will    ++...                   (boots unavailable)
Stlth   ..........              c - amulet of guardian spirit
HPRegen 0.19/turn               b - ring of willpower
MPRegen 0.11/turn               j - ring of positive energy

@: berserking, lethally poisoned (0 -> -3), very quick
A: very small, claws 1, fangs 3, see invisible, speed 1, shaggy fur 2, stealthy
paws, no weapons or thrown items, no armour, multi-lived
a: Renounce Religion, Berserk, Trog's Hand


You were on level 6 of the Dungeon.
You worshipped Trog.
Trog was pleased with you.
You visited 1 branch of the dungeon, and saw 6 of its levels.

You collected 255 gold pieces.

Inventory:

Jewellery
 b - a ring of willpower (left paw)
 c - an amulet of guardian spirit (around neck)
 d - a ring of protection from fire
 h - a ring of flight
 j - a ring of positive energy (right paw)
Wands
 n - a wand of quicksilver (6)
Scrolls
 g - 2 scrolls of teleportation
Potions
 a - 4 potions of lignification
 e - a potion of flight
 f - a potion of heal wounds
 i - a potion of invisibility
 k - a potion of mutation {unknown}
 l - a potion of attraction {unknown}
 m - 2 potions of resistance
 o - a potion of ambrosia {unknown}
 p - 2 potions of curing {unknown}
 q - a potion of berserk rage {unknown}


   Skills:
 - Level 6.0 Fighting
 - Level 10.0 Dodging
 - Level 6.0 Stealth
 + Level 7.0 Unarmed Combat


You had 7 spell levels left.
You didn't know any spells.
Your spell library was empty.

Dungeon Overview and Level Annotations

Branches:
Dungeon (6/15)             Temple (0/1) D:5

Altars:
Dithmenos
Makhleb
Trog

Shops:
D:3 (

Annotations:
D:5 2 transporters


Innate Abilities, Weirdness & Mutations

You have sharp claws.
You have razor-sharp teeth.
You have supernaturally acute eyesight. (SInv)
You cover ground quickly. (Speed+)
You are covered in thick fur. (AC +2)
Your paws help you pounce on unaware monsters.
You are incapable of wielding weapons or throwing items.
You cannot wear armour.
You gain extra lives every three experience levels.


Message History

Your skin stops crawling.
You feel less strong-willed.
The orc wizard hits you with a +2 dagger of venom.
* * * LOW HITPOINT WARNING * * *
You are poisoned.
The orc wizard hits you but does no damage.
You closely miss the orc wizard.
The orc wizard is moderately wounded.
* * * LOW HITPOINT WARNING * * *
You feel sick.
You closely miss the orc wizard.
The orc wizard is moderately wounded.
You feel sick. The orc wizard misses you. The orc wizard completely misses you.
Unknown command.
You scratch the orc wizard.
The orc wizard is severely wounded.
You feel sick.
Unknown command.
You mangle the orc wizard!!
You feel the power of Trog in you as your rage grows.
You kill the orc wizard!
Trog accepts your kill.
Trog appreciates your killing of a magic user.
You feel sick.
Your Unarmed Combat skill increases to level 7!
You closely miss the orc wizard.
You feel sick. The orc wizard closely misses you.
You scratch the orc wizard.
The orc wizard is lightly wounded.
You feel sick.
Unknown command.
You barely miss the orc wizard.
The orc wizard is lightly wounded.
You feel sick. The orc wizard completely misses you.
The orc wizard barely misses you.
Unknown command.
You closely miss the orc wizard. Your bite misses the orc wizard.
The orc wizard is lightly wounded.
The orc wizard gestures at you while chanting.
The puff of flame hits you!
You die...

## .# ## ### .#
#..###### .# #......#
### .##. ##......#...
.# . #.......#.##.## .#
. ##.....oo.....# .# #.
...# #@# .#
#'######.###.# ##
#..#.........# #
#...#####.### #
####.#####.######## #
#.......##........#
#####.##.##.##........#
......##.##.##........#
......................#


You could see 2 orc wizards.

Vanquished Creatures
  Pikel (D:6)
  Sigmund (D:5)
  An orc warrior (D:6)
  An ice beast (D:5)
  2 ogres (D:5)
  A phantom (D:6)
  A bullfrog (D:6)
  5 scorpions
  A necrophage (D:5)
  A jelly (D:5)
  An orc priest (D:6)
  Terence (D:2)
  5 iguanas
  3 orc wizards (D:6)
  5 adders
  A shadow imp (D:5)
  3 white imps
  2 ufetubi
  3 dart slugs
  2 worms
  11 orcs
  3 bats
  2 endoplasms
  6 giant cockroaches
  5 goblins
  6 hobgoblins
  6 jackals
  8 kobolds
  2 quokkas
  3 ball pythons
  2 frilled lizards
  8 rats
103 creatures vanquished.

Notes
Turn   | Place    | Note
-------+----------+-------------------------------------------
     0 | D:1      | MisterFreud the Felid Berserker began the quest for the
                  | Orb.
     0 | D:1      | Reached XP level 1. HP: 10/10 MP: 2/2
    10 | D:1      | You fall into a shaft and drop 1 floor!
    41 | D:2      | Reached skill level 1 in Stealth
    78 | D:2      | Noticed Terence
    82 | D:2      | Killed Terence
    83 | D:2      | Reached XP level 2. HP: 14/14 MP: 3/3
    83 | D:2      | Reached XP level 3. HP: 17/17 MP: 4/4
   622 | D:2      | Found a faded altar of an unknown god.
  1017 | D:2      | Reached XP level 4. HP: 16/21 MP: 3/5
  2173 | D:3      | Found a bloodstained altar of Trog.
  2337 | D:3      | Reached ** piety under Trog
  2356 | D:3      | Found Tateix's Antique Weapon Emporium.
  2394 | D:3      | Reached XP level 5. HP: 24/24 MP: 4/6
  2556 | D:3      | Reached skill level 5 in Stealth
  3015 | D:4      | Identified the +0 leather armour of Trial and Error
                  | {Slay+2}
  3866 | D:4      | Found a burning altar of Makhleb.
  3940 | D:5      | Entered Level 5 of the Dungeon
  3964 | D:5      | Reached skill level 5 in Unarmed Combat
  3964 | D:5      | Gained mutation: You are covered in thick fur. (AC +2)
                  | [Felid growth]
  3964 | D:5      | Reached XP level 6. HP: 11/28 MP: 2/7
  3983 | D:5      | Killed from afar by a white imp
  3984 | D:5      | Reached XP level 5. HP: 0/24 MP: 0/6
  3991 | D:5      | Noticed Sigmund
  3997 | D:5      | Killed Sigmund
  3998 | D:5      | Reached XP level 6. HP: 28/28 MP: 7/7
  4033 | D:5      | Reached skill level 5 in Dodging
  4303 | D:5      | Reached skill level 6 in Dodging
  4357 | D:5      | Found a staircase to the Ecumenical Temple.
  4596 | D:5      | Found a transporter.
  4612 | D:5      | Found a transporter.
  4723 | D:5      | Noticed an ice beast
  4749 | D:5      | Killed an ice beast
  4750 | D:5      | Reached skill level 7 in Dodging
  4750 | D:5      | Reached XP level 7. HP: 6/31 MP: 2/8
  5176 | D:5      | Reached skill level 8 in Dodging
  5556 | D:5      | Found a shadowy altar of Dithmenos.
  5652 | D:6      | Reached skill level 9 in Dodging
  5654 | D:6      | Mangled by an ogre
  5655 | D:6      | Reached XP level 6. HP: -13/42 MP: 0/7
  5681 | D:6      | Reached XP level 7. HP: 30/31 MP: 8/8
  5709 | D:6      | Reached skill level 10 in Dodging
  5749 | D:6      | Noticed Pikel
  5766 | D:6      | Killed Pikel
  5767 | D:6      | Reached XP level 8. HP: 38/38 MP: 7/9
  6152 | D:6      | Killed from afar by an orc wizard

Illustrated notes

Levels and vault maps discovered:
D:1:      reono_arrival_mine, layout_rooms
D:2:      layout_basic, shapermc_ecumenical_altar_mp_ritualfount,
          hex_intersection, uniq_terence
D:3:      minmay_evil_eye, layout_basic, mainiacjoe_overflow_catwalk,
          serial_shops, nicolae_shop_stone
D:4:      layout_loops_corners, lemuel_coloured_pillars_altar
D:5:      gammafunk_steamed_eel, layout_cave_pools, marbit_many_paths,
          minmay_temple_entry_glass, chequers_serial_rivers_large_b,
          uniq_sigmund
D:6:      layout_loops_cross, nicolae_wu_jian_glorious_leap, lemuel_round_altar,
          minmay_misc_feat_room, nzn_random_ring, uniq_pikel,
          uniq_blork_the_orc, uniq_prince_ribbit1

Skill      XL: |  1  2  3  4  5  6  7  8 |
---------------+-------------------------+-----
Stealth        | 2 3 4 6 |  6.0
Unarmed Combat | 4 6 7 |  7.0
Dodging        | 7 10 | 10.0
Fighting       | 6 |  6.0

Action                   |  1- 3 |  4- 6 |  7- 9 || total
-------------------------+-------+-------+-------++-------
Melee: Unarmed           |    67 |   154 |   133 ||   354
       Bite              |     6 |    18 |    19 ||    43
       Punch             |       |     4 |     7 ||    11
Invok: Berserk           |     1 |     3 |     5 ||     9
       Trog's Hand       |       |       |     1 ||     1
  Use: Scroll            |     3 |    11 |     1 ||    15
 Stab: Sleeping          |     6 |     8 |     1 ||    15
       Distracted        |       |     2 |       ||     2
Armor: Skin              |     4 |     6 |     4 ||    14
Dodge: Dodged            |    60 |   102 |    90 ||   252
